 Dungeon Crawl Stone Soup version 0.28.0-49-g6dfe1f597d (webtiles) character file.

Game seed: 2974756113295934142

1299 enile the Zephyrmancer (level 8, -2/48 HPs)
             Began as a Tengu Air Elementalist on May 16, 2022.
             Slain by a hound (4 damage)
             ... on level 5 of the Dungeon.
             The game lasted 00:12:22 (8868 turns).

enile the Zephyrmancer (Tengu Air Elementalist)     Turns: 8868, Time: 00:12:23

Health: -2/48      AC:  2    Str:  6 (8)  XL:     8   Next: 56%
Magic:  15/15      EV: 15    Int: 15 (18) God:
Gold:   347        SH:  0    Dex: 12 (15) Spells: 5/15 levels left

rFire   . . .      SeeInvis .   y - +2 flail (venom)
rCold   . . .      Faith    .   (no shield)
rNeg    . . .      Spirit   .   a - +0 robe
rPois   .          Reflect  .   (helmet restricted)
rElec   .          Harm     .   (no cloak)
rCorr   .          Rampage  .   (no gloves)
Will    .....                   (boots unavailable)
Stlth   ++........              (no amulet)
HPRegen 0.16/turn               (no ring)
MPRegen 0.14/turn               (no ring)

@: swift (expiring), flying quickly and evasively, very quick
A: beak, talons 3, nimble flight
a: no special abilities


You were on level 5 of the Dungeon.
You visited 1 branch of the dungeon, and saw 6 of its levels.

You collected 347 gold pieces.

Inventory:

Hand Weapons
 b - a +0 vorpal dagger
 e - a +0 dagger of venom
 p - a +2 trident of flaming
 y - a +2 flail of venom (weapon)
Armour
 a - a +0 robe (worn)
 v - the +0 chain mail of the Evening Star {Harm rF+ rN+ Stlth+}
   (You found it on level 5 of the Dungeon)

   rF:        It protects you from fire.
   rN:        It protects you from negative energy.
   Harm:      It increases damage dealt and taken.
   Stlth:     It makes you more stealthy.
Wands
 n - a wand of polymorph (4)
 q - a wand of acid (2)
 x - a wand of iceblast (12)
Scrolls
 d - a scroll of brand weapon
 f - a scroll of enchant armour
 g - a scroll of magic mapping {unknown}
 i - 2 scrolls of enchant weapon
 k - a scroll of vulnerability {unknown}
 m - a scroll of acquirement {unknown}
 o - a scroll of amnesia
 s - a scroll of fog {unknown}
 u - a scroll of noise {unknown}
 w - 2 scrolls of teleportation {unknown}
 z - 2 scrolls of silence {unknown}
Potions
 c - 2 potions of degeneration
 h - a potion of lignification {unknown}
 j - 2 potions of magic
 l - 2 potions of attraction {unknown}
 r - a potion of haste {unknown}
 t - a potion of curing {unknown}


   Skills:
 + Level 4.9 Fighting
 - Level 2.9 Dodging
 - Level 2.0 Stealth
 - Level 4.0 Spellcasting
 - Level 4.0 Conjurations
 - Level 10.0 Air Magic


You had 5 spell levels left.
You knew the following spells:

 Your Spells              Type           Power      Damage    Failure   Level
a - Shock                 Conj/Air       96%        1d9       1%          1
b - Static Discharge      Conj/Air       24%        N/A       1%          2
c - Swiftness             Air            33%        N/A       1%          3
d - Airstrike             Air            16%        N/A       3%          4

Your spell library contained the following spells:

 Spells                   Type           Power      Damage    Failure   Level
 Magic Dart               Conj           60%        1d6       3%          1
 Searing Ray              Conj           30%        2d5       5%          2
 Frozen Ramparts          Ice            6%         1d2       47%         3
 Fulminant Prism          Conj/Hex       4%         3d6       61%         4
 Ice Form                 Ice/Tmut       3%         N/A       87%         4
 Summon Ice Beast         Ice/Summ       3%         N/A       87%         4


Dungeon Overview and Level Annotations

Branches:
Dungeon (6/15)             Temple (0/1) D:6

Altars:
Trog

Annotations:
D:3 3 runed translucent doors, Sigmund; Zeld's ghost, weakling NaVM
D:4 2 runed translucent doors, elongatedgoose's ghost, amateur MiFi


Innate Abilities, Weirdness & Mutations

You have a beak for a mouth.
You have claws for feet.
Your magical nature lets you fly swiftly and evasively.


Message History

You feel quick. The hound closely misses you. The hound completely misses you.
The hound bites you.
Found a ring mail.
The ogre hits you with a +0 giant club!!
Ouch! That really hurt!
* * * LOW HITPOINT WARNING * * *
Found a scroll of identify.
You see here a +0 ring mail.
The hound pauses to sniff the ground.
The hound bites you.
* * * LOW HITPOINT WARNING * * *
There is a stone staircase leading up here.
The hound misses you.
You fly upwards.
There is a stone staircase leading down here.
Casting: Swiftness (safe; 1% risk of failure)
Confirm with . or Enter, or press ? or * to list all spells.
Okay, then.
You're already flying!
Unknown command.
Aiming: Corrosive Bolt
Press: ? - help, Shift-Dir - straight line, f - hound
Aim: a hound (60% to hit)
The bolt of acid misses the hound.
The hound bites you.
* * * LOW HITPOINT WARNING * * *
The hound bites you.
* * * LOW HITPOINT WARNING * * *
You're already flying!
Unknown command.
Press: ? - help, v - describe, . - travel
Here: a hound The floor.
It was a potion of degeneration.
There was something very wrong with that liquid.
You feel weakened.
You feel dopey.
You feel clumsy.
You start to feel a little slower.
The hound barely misses you.
It was a potion of magic.
Magic courses through your body. The hound bites you.
You die...

#.......#....#.....#.>.#######
#.......#....#.....#.....#...#
#.......#....#.....#.....#...#
#.......#.S..#.....#.....#...#
#.......#....#.....#.....#...#
#.......+....#.....#.....#...#
#.......##'###.....#######...#
................h.##...###...####
................@.#.....#.....'..
..................'.....#.....#..
..................#[....#.....#..
..................#...###....###.
.......#####......#..)###########
.......#...#......#..............
########...#......+.<............
#....'......#..............
##...#......###.##..##..###


You could see a hound.

Vanquished Creatures
  Eustachio (D:4)
  A steam dragon (D:6)
  An ogre (D:5)
  A necrophage (D:4)
  A centaur (D:6)
  A kobold brigand (D:5)
  A scorpion (D:4)
  2 jellies (D:5)
  A gnoll shaman (D:5)
  A bullfrog skeleton (D:6)
  A centaur skeleton (D:5)
  2 orc priests
  4 iguanas
  3 orc wizards
  2 hound skeletons
  4 gnolls
  A howler monkey skeleton (D:5)
  8 adders
  An adder skeleton (D:4)
  An adder zombie (D:5)
  2 worms (D:3)
  4 dart slugs
  9 orcs
  6 ball pythons
  7 endoplasms
  4 giant cockroaches
  8 goblins
  6 hobgoblins
  7 jackals
  7 kobolds
  5 quokkas
  4 bats
  A frilled lizard (D:1)
  A jackal skeleton (D:4)
  4 rats
113 creatures vanquished.

Vanquished Creatures (others)
  15 plants
15 creatures vanquished.

Grand Total: 128 creatures vanquished

Notes
Turn   | Place    | Note
-------+----------+-------------------------------------------
     0 | D:1      | enile the Tengu Air Elementalist began the quest for the
                  | Orb.
     0 | D:1      | Reached XP level 1. HP: 10/10 MP: 4/4
   333 | D:1      | Reached XP level 2. HP: 15/15 MP: 0/6
   689 | D:1      | Reached skill level 5 in Air Magic
   858 | D:1      | Learned a level 2 spell: Static Discharge
  1096 | D:1      | Reached XP level 3. HP: 17/19 MP: 3/7
  1339 | D:1      | Learned a level 3 spell: Swiftness
  1569 | D:2      | Reached skill level 6 in Air Magic
  2256 | D:2      | Reached XP level 4. HP: 21/24 MP: 2/8
  2748 | D:3      | Noticed Sigmund
  3100 | D:3      | Reached skill level 7 in Air Magic
  3100 | D:3      | Reached skill level 1 in Fighting
  3206 | D:3      | Found a faded altar of an unknown god.
  3254 | D:3      | Found a runed translucent gate.
  3254 | D:3      | Found a runed translucent gate.
  3255 | D:3      | Found a runed translucent gate.
  3257 | D:3      | Noticed Zeld's ghost (weakling NaVM)
  3370 | D:3      | Gained mutation: Your magical nature lets you fly swiftly
                  | and evasively. [Tengu growth]
  3370 | D:3      | Reached XP level 5. HP: 29/29 MP: 3/9
  3515 | D:3      | Noticed an ice beast
  4034 | D:4      | Noticed a necrophage
  4846 | D:4      | Noticed Eustachio
  5008 | D:4      | Found a runed translucent door.
  5022 | D:4      | Noticed elongatedgoose's ghost (amateur MiFi)
  5074 | D:4      | Found a runed translucent door.
  5082 | D:4      | Reached XP level 6. HP: 31/37 MP: 2/10
  5724 | D:4      | Killed Eustachio
  5831 | D:4      | Killed a necrophage
  5832 | D:4      | Reached XP level 7. HP: 38/41 MP: 7/13
  5837 | D:4      | Learned a level 4 spell: Airstrike
  6137 | D:5      | Entered Level 5 of the Dungeon
  6144 | D:5      | Identified the +0 chain mail of the Evening Star {Harm rF+
                  | rN+ Stlth+}
  7021 | D:5      | Reached skill level 8 in Air Magic
  7482 | D:5      | Reached skill level 9 in Air Magic
  7482 | D:5      | Reached XP level 8. HP: 44/46 MP: 8/15
  7574 | D:5      | Found a bloodstained altar of Trog.
  8452 | D:6      | Reached skill level 10 in Air Magic
  8810 | D:6      | Found a staircase to the Ecumenical Temple.
  8866 | D:5      | HP: 2/48 [hound (2)]
  8868 | D:5      | Slain by a hound

Illustrated notes

Levels and vault maps discovered:
D:1:      tarquinn_simple_flora_water_b, layout_loops_ring,
          minmay_misc_feat_rows
D:2:      layout_basic, minmay_heptomino_d4
D:3:      layout_loops_cross, dilly_ecumenical_altar_fadedgnrine,
          ebering_ghost_rock_garden, uniq_sigmund
D:4:      layout_cave_pools, ebering_ghost_sewer_f, uniq_eustachio
D:5:      layout_gridville, lightli_temple_of_fire
D:6:      layout_basic, minmay_temple_entry_purple_smoke, uniq_blork_the_orc,
          uniq_prince_ribbit1, uniq_menkaure

Skill      XL: |  1  2  3  4  5  6  7  8 |
---------------+-------------------------+-----
Air Magic      | 5 6 7 9 10 | 10.0
Fighting       | 1 3 4 |  4.9
Conjurations   | 4 |  4.0
Spellcasting   | 3 4 |  4.0
Dodging        | |  2.9
Stealth        | |  2.0

Action                   |  1- 3 |  4- 6 |  7- 9 || total
-------------------------+-------+-------+-------++-------
Melee: Unarmed           |    15 |       |       ||    15
       Kick              |     8 |    22 |     5 ||    35
       Dagger            |    28 |    36 |       ||    64
       Peck              |     9 |    16 |     3 ||    28
       Punch             |       |     1 |       ||     1
       Trident           |       |    56 |     8 ||    64
       Flail             |       |       |    19 ||    19
 Cast: Shock             |    57 |    81 |    37 ||   175
       Static Discharge  |     5 |    12 |       ||    17
       Swiftness         |       |     3 |     3 ||     6
       Airstrike         |       |       |    30 ||    30
Evoke: Wand              |       |       |     1 ||     1
  Use: Scroll            |     1 |     3 |     2 ||     6
       Potion            |       |       |     2 ||     2
 Stab: Sleeping          |     4 |     2 |       ||     6
Armor: Robe              |     8 |    25 |     2 ||    35
Dodge: Dodged            |    25 |   111 |    29 ||   165
